 Dungeon Crawl Stone Soup version 0.26.1-11-gd32895ea62 (webtiles) character file.

Game seed: 14130588709110002601

92569 nothank2 the Warrior (level 16, -3/110 HPs)
             Began as a Gargoyle Fighter on July 10, 2021.
             Was the Champion of Makhleb.
             Engulfed by a cloud of freezing vapour (8 damage)
             ... in an ice cave on July 11, 2021.
             The game lasted 01:08:16 (21942 turns).

nothank2 the Warrior (Gargoyle Fighter)            Turns: 21942, Time: 01:08:16

Health: -3/110     AC: 41    Str: 30    XL:     16   Next: 6%
Magic:  15/15      EV:  8    Int:  6    God:    Makhleb [******]
Gold:   1599       SH: 15    Dex:  9    Spells: 15/15 levels left

rFire    . . .     SeeInvis .   z - +3 flail (pain)
rCold    . . .     Faith    .   c - +1 kite shield
rNeg     + . .     Spirit   .   o - +0 plate armour
rPois    ∞         Reflect  .   t - +1 helmet of Unreason {Harm rElec Str+4 Int-4}
rElec    +         Harm     +   A - +0 cloak
rCorr    +         Rampage  .   b - +2 pair of gloves of Cowardice {+Inv rCorr MP-9 Slay+6}
Will     ++...                  g - +0 pair of boots
Stlth    ..........             N - amulet of magic regeneration
HPRegen  0.28/turn              S - ring of willpower
MPRegen  0.39/turn              M - +4 ring of protection

@: no status effects
A: big wings, negative energy resistance 1, electricity resistance, unbreathing,
petrification resistance, miasma immunity, AC +12
a: Fly, Renounce Religion, Evoke Invisibility, Minor Destruction, Lesser Servant
of Makhleb, Major Destruction, Greater Servant of Makhleb


You were in an ice cave.
You worshipped Makhleb.
Makhleb was exalted by your worship.
You visited 4 branches of the dungeon, and saw 22 of its levels.
You also visited: Ice Cave.

You collected 1865 gold pieces.
You spent 266 gold pieces at shops.

Inventory:

Hand Weapons
 z - a +3 flail of pain (weapon)
 D - a +2 hand crossbow of flaming
Missiles
 e - 18 poisoned darts (quivered)
 E - 165 bolts
Armour
 b - the +2 pair of gloves of Cowardice (worn) {+Inv rCorr MP-9 Slay+6}
   (You found it on level 10 of the Dungeon)

   It affects your accuracy and damage with ranged weapons and melee attacks
   (+6).
   It affects your magic capacity (-9).
   It lets you turn invisible.
   It provides partial protection from all sources of acid and corrosion.
 c - a +1 kite shield (worn)
 g - a +0 pair of boots (worn)
 o - a +0 plate armour (worn)
 t - the +1 helmet of Unreason (worn) {Harm rElec Str+4 Int-4}
   (You took it off Robin on level 3 of the Dungeon)

   It affects your strength (+4).
   It affects your intelligence (-4).
   It insulates you from electricity.
   It increases damage dealt and taken.
 A - a +0 cloak (worn)
Jewellery
 i - an uncursed ring of protection from fire
 M - a +4 ring of protection (right hand)
 N - an amulet of magic regeneration (around neck)
 S - a ring of willpower (left hand)
 U - the amulet "Zeph" {RegenMP rPois rC+ Int-5 SInv}
   (You found it on level 4 of the Lair of Beasts)

   [amulet of magic regeneration]

   It increases your magic regeneration.
   It affects your intelligence (-5).
   It protects you from cold.
   It protects you from poison.
   It lets you see invisible.
 Y - a +4 ring of evasion
Wands
 p - a wand of polymorph (7)
 q - a wand of enslavement (12)
 r - a wand of iceblast (12)
 x - a wand of flame (19)
 K - a wand of disintegration (19)
 O - a wand of acid (7)
 W - a wand of digging (11)
Scrolls
 a - a scroll of fog
 f - 10 scrolls of identify
 k - 14 scrolls of remove curse
 l - a scroll of amnesia
 n - a scroll of acquirement {unknown}
 y - a scroll of enchant armour
 G - 5 scrolls of fear
 I - 3 scrolls of blinking
 J - 3 scrolls of magic mapping
 L - 4 scrolls of teleportation
 R - 4 scrolls of enchant weapon
 T - 2 scrolls of holy word
Potions
 d - 2 potions of might
 h - 4 potions of lignification
 j - 6 potions of heal wounds
 m - a potion of magic
 u - a potion of invisibility
 v - 9 potions of curing
 w - a potion of cancellation
 P - 5 potions of haste


   Skills:
 + Level 16.0 Fighting
 + Level 14.0 Maces & Flails
 + Level 13.0 Armour
 + Level 13.0 Shields
 - Level 11.1 Invocations


You had 15 spell levels left.
You didn't know any spells.
Your spell library contained the following spells:

 Spells                   Type           Power        Failure   Level
 Passwall                 Tmut/Erth      0%           99%         2
 Confusing Touch          Hex            0%           100%        3
 Gell's Gravitas          Tloc           0%           100%        3
 Portal Projectile        Hex/Tloc       0%           100%        3
 Petrify                  Tmut/Erth      0%           100%        4
 Lee's Rapid Deconstruct  Erth           0%           100%        5
 Metabolic Englaciation   Hex/Ice        0%           100%        5
 Yara's Violent Unravell  Hex/Tmut       0%           100%        5
 Discord                  Hex            0%           100%        8


Dungeon Overview and Level Annotations

Branches:
Dungeon (13/15)            Temple (1/1) D:4            Lair (6/6) D:10
 Shoals (0/4) Lair:2       Spider (0/4) Lair:4        Slime (0/5) Lair:5
    Orc (2/2) D:12         Vaults (0/5) D:13          IceCv (1/1)
    Elf: Orc:2

Altars:
Ashenzari
Cheibriados
Dithmenos
Elyvilon
Fedhas
Gozag
Hepliaklqana
Kikubaaqudgha
Makhleb
Nemelex Xobeh
Okawaru
Qazlal
Ru
Sif Muna
Trog
Uskayaw
Vehumet
Wu Jian
Xom
Yredelemnul
Zin
The Shining One
Beogh
Jiyva

Shops:
D:8 *   Orc:2 ([

Portals:
Trove: D:10 (give 8 potions of haste)

Annotations:
D:13 Jorgrun IceCv exclusion: ice statue


Innate Abilities, Weirdness & Mutations

You are resistant to torment.
Your stone body is resilient. (AC +12)
You are immune to poison.
Your large and strong wings let you fly indefinitely.
You resist negative energy. (rN+)
You are resistant to electric shocks. (rElec)
You can survive without breathing.
You are immune to petrification.
You are immune to miasma.


Message History

The freezing blast engulfs you but does no damage.
You thump the ice statue!
The ice statue is severely damaged.
You are engulfed in freezing vapours.
You thump the ice statue!
The ice statue is almost destroyed.
You are engulfed in freezing vapours.
The ice statue gestures at you. The bolt of cold hits you!
You sock the ice statue!
You destroy the ice statue!
Makhleb accepts your kill.
You are engulfed in freezing vapours.
You're standing in a cloud of freezing vapour!
You are engulfed in freezing vapours.
* * * LOW HITPOINT WARNING * * *
You are engulfed in freezing vapours.
* * * LOW HITPOINT WARNING * * *
You are engulfed in freezing vapours.
You die...

#.#.'.......'.#.#
#.###.8...8.###.#
#.#.'.......'.#.#
#'######'######'#
#...............#
####..#####..####
##.# #.## #.# #.#
#.# #@# #.##+##○#
#.○○..°○#
####○#### ###


There were no monsters in sight!

Vanquished Creatures
  A sphinx (D:10)
  Kirke (D:12)
  A storm dragon (D:11)
  An orc warlord (Orc:2)
  3 dire elephants (Lair:6)
  Snorg (D:12)
  An ettin (Orc:2)
  Josephine (D:10)
  9 hydras
  4 vault guards (D:13)
  An anaconda (Lair:6)
  A centaur warrior (D:13)
  2 boulder beetles
  A catoblepas (Lair:6)
  A two-headed ogre (D:10)
  6 death yaks
  4 orc high priests (Orc:2)
  Pikel (D:7)
  2 manticores (D:11)
  An orc knight (Orc:2)
  4 ugly things
  A cyclops (shapeshifter) (D:11)
  3 orc sorcerers
  4 oklob plants (Lair:6)
  2 cyclopes (D:11)
  8 elephants
  Joseph (Lair:1)
  2 torpor snails
  5 black mambas
  2 merfolk sirens (Lair:2)
  4 ice statues (IceCv)
  Maggie (D:8)
  8 cane toads
  4 rime drakes
  9 ice devils (IceCv)
  9 komodo dragons
  4 trolls
  A freezing wraith (D:11)
  2 merfolk (Lair:2)
  3 meliai (D:11)
  4 polar bears
  A hornet (Lair:4)
  20 blink frogs
  Grinder (D:5)
  Prince Ribbit (D:8)
  7 dream sheep (Lair:6)
  A water elemental (D:12)
  Sigmund (D:5)
  93 yaks
  10 wraiths
  2 spriggans
  9 wyverns
  A hog (D:12)
  2 basilisks (Lair:6)
  Edmund (D:5)
  Menkaure (D:7)
  3 wargs
  12 water moccasins
  16 orc warriors
  2 sky beasts
  9 ice beasts
  An eye of draining (D:11)
  4 phantoms
  2 necrophages (D:9)
  5 black bears
  13 wolves
  5 boggarts
  19 centaurs
  13 ogres
  2 lemures
  20 bullfrogs
  Blork the orc (D:4)
  A scorpion (D:4)
  A wyvern skeleton (D:11)
  A water moccasin skeleton (D:10)
  5 howler monkeys
  A vampire bat (D:10)
  9 wights
  4 centaur zombies
  7 electric eels
  A crimson imp (D:10)
  2 draconian simulacra (IceCv)
  3 bullfrog zombies
  A jelly (D:9)
  A quasit (D:10)
  Crazy Yiuf (D:5)
  6 hounds
  12 orc priests
  16 orc wizards
  4 bullfrog skeletons
  Jessica (D:2)
  Terence (D:2)
  2 iguanas
  7 worker ants
  2 spriggan simulacra (IceCv)
  3 troll simulacra (IceCv)
  A centaur simulacrum (IceCv)
  A hound zombie (D:11)
  Robin (D:3)
  A worker ant zombie (D:9)
  3 gnolls (D:4)
  A howler monkey skeleton (D:4)
  A naga simulacrum (IceCv)
  An ogre simulacrum (IceCv)
  11 adders
  3 shadow imps
  2 white imps
  3 ufetubi
  3 oozes
  2 adder zombies
  An adder skeleton (D:4)
  3 worms
  2 dart slugs (D:1)
  7 leopard geckos
  44 orcs
  17 bats
  5 giant cockroaches
  12 goblins
  12 hobgoblins
  11 jackals
  12 kobolds
  5 quokkas
  2 ball pythons (D:3)
  4 frilled lizards
  2 jackal skeletons
  A jackal zombie (D:8)
  3 leopard gecko skeletons
  A quokka skeleton (D:6)
  11 rats
683 creatures vanquished.

Vanquished Creatures (others)
  A deep elf mage (D:10)
  4 humans (D:12)
  An orc (D:10)
  54 fungi
  53 plants
113 creatures vanquished.

Grand Total: 796 creatures vanquished

Notes
Turn   | Place    | Note
-------+----------+-------------------------------------------
     0 | D:1      | nothank2 the Gargoyle Fighter began the quest for the Orb.
     0 | D:1      | Reached XP level 1. HP: 14/14 MP: 1/1
   143 | D:1      | Reached XP level 2. HP: 19/19 MP: 2/2
   625 | D:1      | Reached XP level 3. HP: 23/23 MP: 3/3
  1187 | D:2      | Noticed Terence
  1193 | D:2      | Killed Terence
  1194 | D:2      | Reached XP level 4. HP: 28/28 MP: 4/4
  1607 | D:2      | Noticed Jessica
  1610 | D:2      | Killed Jessica
  1611 | D:2      | Reached skill level 5 in Maces & Flails
  1611 | D:2      | Reached XP level 5. HP: 32/32 MP: 5/5
  2213 | D:3      | Identified the +1 helmet of Unreason {Harm rElec Str+4
                  | Int-4}
  2213 | D:3      | Noticed Robin
  2244 | D:3      | Killed Robin
  2679 | D:3      | Noticed a black bear
  2706 | D:3      | Killed a black bear
  2707 | D:3      | Reached skill level 4 in Fighting
  2707 | D:3      | Reached XP level 6. HP: 35/38 MP: 6/6
  3219 | D:4      | Noticed Blork the orc
  3227 | D:4      | Killed Blork the orc
  3529 | D:4      | Reached XP level 7. HP: 44/44 MP: 7/7
  3617 | D:4      | Found a shadowy altar of Dithmenos.
  3734 | D:4      | Found a staircase to the Ecumenical Temple.
  3743 | Temple   | Entered the Ecumenical Temple
  3859 | Temple   | Became a worshipper of Makhleb the Destroyer
  3944 | D:4      | Found a broken altar of Ashenzari.
  3945 | D:4      | Found a glowing silver altar of Zin.
  4016 | D:5      | Entered Level 5 of the Dungeon
  4078 | D:5      | Noticed Grinder
  4089 | D:5      | Paralysed by Grinder for 4 turns
  4111 | D:5      | Killed Grinder
  4112 | D:5      | Reached skill level 5 in Fighting
  4114 | D:5      | Found a transporter.
  4114 | D:5      | Found a transporter.
  4583 | D:5      | Found a runed translucent door.
  4584 | D:5      | Noticed Crazy Yiuf
  4592 | D:5      | Killed Crazy Yiuf
  4593 | D:5      | Reached XP level 8. HP: 46/51 MP: 8/8
  4707 | D:5      | Noticed Sigmund
  4716 | D:5      | Killed Sigmund
  4717 | D:5      | Reached skill level 6 in Fighting
  4907 | D:5      | Reached * piety under Makhleb
  5027 | D:5      | Noticed Edmund
  5051 | D:5      | Killed Edmund
  5557 | D:6      | Reached skill level 7 in Fighting
  5751 | D:6      | Reached XP level 9. HP: 54/57 MP: 9/9
  5781 | D:6      | Reached skill level 10 in Maces & Flails
  6207 | D:6      | Reached ** piety under Makhleb
  6695 | D:7      | Reached skill level 8 in Fighting
  7053 | D:7      | Noticed Pikel
  7064 | D:7      | Killed Pikel
  7105 | D:7      | Noticed Menkaure
  7113 | D:7      | Killed Menkaure
  7121 | D:7      | Reached XP level 10. HP: 64/65 MP: 10/10
  7126 | D:7      | Reached skill level 9 in Fighting
  7293 | D:7      | Found a basalt altar of Yredelemnul.
  7424 | D:8      | Noticed Maggie
  7436 | D:8      | Killed Maggie
  7540 | D:8      | Found a stormy altar of Qazlal.
  7674 | D:8      | Noticed Prince Ribbit
  7690 | D:8      | Found a hide-covered altar of Uskayaw.
  7699 | D:8      | Killed Prince Ribbit
  8261 | D:8      | Reached skill level 10 in Fighting
  8264 | D:8      | Reached *** piety under Makhleb
  8453 | D:8      | Found Kisat's Assorted Antiques.
  8472 | D:8      | Found a shimmering altar of Xom.
  8760 | D:8      | Got an iridescent hand axe
  8761 | D:8      | Identified the +9 hand axe "Gargoyle's Curse" {elec, +Inv
                  | Int+2} (You found it on level 8 of the Dungeon)
  9404 | D:9      | Reached XP level 11. HP: 73/73 MP: 11/11
  9590 | D:9      | Found a bloodstained altar of Trog.
  9640 | D:10     | Entered Level 10 of the Dungeon
  9765 | D:10     | Noticed Josephine
  9773 | D:10     | Killed Josephine
  9774 | D:10     | Reached skill level 11 in Fighting
  9853 | D:10     | Noticed a two-headed ogre
  9859 | D:10     | Killed a two-headed ogre
  9859 | D:10     | Reached **** piety under Makhleb
  9888 | D:10     | Found a sacrificial altar of Ru.
  9895 | D:10     | Killed a deep elf mage
  9956 | D:10     | Found a portal to a secret trove of treasure.
 10044 | D:10     | Got a pair of smoking gloves
 10055 | D:10     | Identified the +2 pair of gloves of Cowardice {+Inv rCorr
                  | MP-9 Slay+6} (You found it on level 10 of the Dungeon)
 10202 | D:10     | Found a staircase to the Lair.
 10488 | Lair:1   | Entered Level 1 of the Lair of Beasts
 10496 | Lair:1   | Noticed Joseph
 10496 | Lair:1   | Noticed a five-headed hydra
 10514 | Lair:1   | Killed Joseph
 10532 | Lair:1   | Killed a five-headed hydra
 10533 | Lair:1   | Reached skill level 5 in Armour
 10533 | Lair:1   | Reached skill level 5 in Shields
 10589 | Lair:1   | Reached XP level 12. HP: 81/81 MP: 3/12
 10745 | Lair:1   | Reached skill level 12 in Fighting
 11155 | Lair:1   | Noticed a seven-headed hydra
 11163 | Lair:1   | Killed a seven-headed hydra
 11163 | Lair:1   | Reached ***** piety under Makhleb
 11400 | Lair:2   | Reached skill level 1 in Invocations
 11748 | Lair:2   | Reached skill level 13 in Fighting
 11793 | Lair:2   | Found a staircase to the Shoals.
 11807 | Lair:2   | Reached XP level 13. HP: 88/88 MP: 6/15
 12352 | Lair:3   | Reached skill level 5 in Invocations
 13211 | Lair:4   | Got a warped emerald amulet
 13225 | Lair:4   | Identified the amulet "Zeph" {RegenMP rPois rC+ Int-5 SInv}
                  | (You found it on level 4 of the Lair of Beasts)
 13225 | Lair:4   | Lost intelligence.
 13255 | Lair:4   | Found a hole to the Spider Nest.
 14305 | Lair:4   | Reached skill level 10 in Armour
 14316 | Lair:5   | Reached skill level 10 in Shields
 14327 | Lair:5   | Reached skill level 14 in Fighting
 14490 | Lair:5   | Gained mutation: Your large and strong wings let you fly
                  | indefinitely. [Gargoyle growth]
 14490 | Lair:5   | Reached XP level 14. HP: 79/96 MP: 10/19
 14534 | Lair:5   | Found a runed translucent door.
 14534 | Lair:5   | Found a viscous altar of Jiyva.
 14539 | Lair:5   | Found a staircase to the Slime Pits.
 15047 | Lair:6   | Entered Level 6 of the Lair of Beasts
 15592 | Lair:6   | Reached ****** piety under Makhleb
 16657 | Lair:6   | Noticed a dire elephant
 16657 | Lair:6   | Noticed a dire elephant
 16673 | Lair:6   | Noticed a dire elephant
 16688 | Lair:6   | Killed a dire elephant
 16700 | Lair:6   | Killed a dire elephant
 16708 | Lair:6   | Killed a dire elephant
 17675 | D:8      | Bought a scroll labelled ETWIMUO KOIFF for 28 gold pieces
 17675 | D:8      | Bought a scroll labelled FILUMYH COGI for 28 gold pieces
 17675 | D:8      | Bought a scroll of enchant weapon for 210 gold pieces
 17824 | D:11     | Reached skill level 15 in Fighting
 17881 | D:11     | Found the +5 scythe "Finisher" {speed, eviscerate}
 17932 | D:11     | Reached XP level 15. HP: 103/103 MP: 13/22
 18447 | D:11     | Noticed a storm dragon
 18461 | D:11     | Noticed a sphinx
 18468 | D:11     | Killed a storm dragon
 18483 | D:10     | Killed a sphinx
 18676 | D:11     | Reached skill level 10 in Invocations
 19025 | D:12     | Noticed Kirke
 19036 | D:12     | Killed Kirke
 19574 | D:13     | Identified the Disquisition on Dusty Bewitchment
 19694 | D:13     | Found a gate to the Vaults.
 19742 | D:13     | Noticed Jorgrun
 20271 | D:12     | Noticed Snorg
 20295 | D:12     | Killed Snorg
 20378 | D:12     | Found a staircase to the Orcish Mines.
 20621 | Orc:1    | Entered Level 1 of the Orcish Mines
 20703 | Orc:1    | Found a roughly hewn altar of Beogh.
 20895 | Orc:2    | Entered Level 2 of the Orcish Mines
 20897 | Orc:2    | Found a frozen archway.
 20970 | Orc:2    | Found Woqang's Antique Weapon Boutique.
 21071 | Orc:2    | Found Ciabbyv's Antique Armour Boutique.
 21096 | Orc:2    | Noticed an orc warlord
 21117 | Orc:2    | Killed an orc warlord
 21315 | IceCv    | Entered an ice cave
 21477 | IceCv    | Reached XP level 16. HP: 78/110 MP: 15/24
 21647 | IceCv    | Reached skill level 16 in Fighting
 21941 | IceCv    | HP: 4/110 [something (24)]
 21942 | IceCv    | Engulfed by a cloud of freezing vapour

Illustrated notes

Levels and vault maps discovered:
D:1:      lightli_arrival_isolated_outpost, layout_basic, item_on_display_a
D:2:      layout_loops_ring, minmay_tiny_reverse_x, uniq_terence, uniq_jessica
D:3:      layout_loops_ring, uniq_robin
D:4:      layout_basic, grunt_dithmenos_smoke_and_mirrors,
          grunt_temple_overflow_open, minmay_temple_entry_junction,
          uniq_blork_the_orc
D:5:      gammafunk_steamed_eel, layout_loops_ring, uniq_crazy_yiuf_cottage,
          uniq_grinder, uniq_sigmund, uniq_edmund
D:6:      minmay_clustersquares, layout_cave_pods, serial_bayou_pond_a
D:7:      layout_cave_pools, yredelemnul_altar_generic, uniq_pikel,
          uniq_menkaure
D:8:      nicolae_whirlpool, layout_loops_corners,
          eat_drink_and_be_merry_uskayaw, marbit_many_paths,
          lemuel_doored_altar, serial_shops, kennysheep_mini,
          chequers_big_river, uniq_prince_ribbit1, uniq_maggie
D:9:      layout_small_grid, trog_book
D:10:     layout_rooms, grunt_lair_entry_orc_guard_hut, enter_trove_2,
          hangedman_stone_soup, roderic_batcave, st_stairs_5,
          nicolae_ru_awakened_eye, uniq_josephine
D:11:     minmay_glassy_protrusions, layout_small_grid, serial_rivers,
          chequers_serial_rivers_marsh, chequers_serial_rivers_large_b,
          chequers_serial_rivers_micro_a, chequers_serial_rivers_micro_b,
          minmay_guarded_unrand_finisher
D:12:     layout_gridville, orc_0_dummy, minivault_4, uniq_kirke, uniq_snorg
D:13:     layout_basic, lightli_vaults_fourway_checkpoint, uniq_jorgrun
Temple:   lightli_temple_of_artemis
Lair:1:   layout_regular_city, uniq_joseph
Lair:2:   layout_misc_corridors, elwin_shoals_entry_stream,
          grunt_forest_stairs_clearing
Lair:3:   layout_cave_pods
Lair:4:   layout_roguey, spider_nest_entry_webs, grunt_megastairs_3
Lair:5:   layout_misc_corridors, slime_altar_2, grunt_megastairs_4
Lair:6:   due_jungle_book, layout_regular_city, grunt_megastairs_2,
          lemuel_fruit_fields, serial_bayou_shore_a, minmay_lair_oklob_chamber
Orc:1:    layout_caves, basic_altar, guppyfry_library_mini
Orc:2:    grunt_orc_gardens, layout_diamond_mine, grunt_orc_garden,
          grunt_orc_garden, grunt_orc_garden, grunt_orc_garden,
          portal_ice_cave_entry_ice_beasts
IceCv:    ice_cave_tombish

Skill      XL: |  1  2  3  4  5  6  7  8  9 10 11 12 13 14 15 16 |
---------------+-------------------------------------------------+-----
Maces & Flails | 3 4 5 6 7 9 11 13 14 | 14.0
Fighting       | 4 5 7 8 10 11 13 14 15 16 | 16.0
Armour         | 5 8 10 11 12 13 | 13.0
Shields        | 5 8 10 11 12 13 | 13.0
Invocations    | 3 7 9 11 | 11.1

Action                   |  1- 3 |  4- 6 |  7- 9 | 10-12 | 13-15 | 16-18 || total
-------------------------+-------+-------+-------+-------+-------+-------++-------
Melee: Flail             |   126 |   259 |   370 |   727 |  1334 |   100 ||  2916
Throw: Dart              |       |     1 |     4 |     1 |       |       ||     6
Evoke: Wand              |       |       |       |       |     2 |       ||     2
  Use: Scroll            |       |       |    11 |     2 |    15 |       ||    28
       Potion            |       |       |       |       |     1 |       ||     1
Armor: Scale mail        |    67 |     6 |       |       |       |       ||    73
       Plate armour      |       |   283 |   217 |   432 |   746 |    33 ||  1711
Dodge: Dodged            |    46 |    50 |    57 |   130 |   250 |    12 ||   545
Block: Kite shield       |    89 |   175 |   175 |   417 |   783 |    44 ||  1683
